[Event "*** Titled Tuesday Blitz"]
[Site "Chess.com"]
[Date "2021.03.09"]
[Round "10"]
[White "Geller_Jakov"]
[Black "BigAl"]
[Result "0-1"]
[WhiteElo "2617"]
[BlackElo "2536"]
[TimeControl "180+1"]
[EndTime "11:59:39 PST"]
[Termination "BigAl won by checkmate"]

1. e4 c6 2. d4 d5 3. exd5 cxd5 4.
c3 Nc6 5. Bf4 g6 6. h3 Bg7 7.
Nf3 Bf5 8. Bd3 Nf6 9. O-O O-O 10.
Re1 Ne4 11. Qe2 Qb6 12. a4 Na5 13. Na3 a6 14. g4 Be6 15. Bxe4 dxe4 16. Ng5 Bd5 17. b4 Nc6 18. a5 Qd8 19. Nxe4 f5 20. gxf5 Rxf5 21. Bg3 e5 22. Nc4 exd4 23. Ncd6 dxc3 24.
Nxf5 gxf5 25. Nd6 Nd4 26. Qd3 Nf3+ 27. Kf1 Nd2+ 28. Kg1 Nf3+ 29. Kf1 Nd2+ 30. Kg1 Bc6 31. Re3 Qf6 32. Rae1 h6 33. Re6 Qg5 34. R1e3 Rd8 35.
Qc4 Kh7 36. Nf7 Nxc4 37. Nxg5+ hxg5 38. Re1 f4 39. Bh2 Nd2 40. Re7 Nf3+ 41. Kf1 Nxh2+ 42. Ke2 Rd2# 0-1

[Event "*** Titled Tuesday Blitz"]
[Site "Chess.com"]
[Date "2021.03.09"]
[Round "10"]
[White "Bodnar_Mykola"]
[Black "Iball95"]
[Result "0-1"]
[WhiteElo "2506"]
[BlackElo "2658"]
[TimeControl "180+1"]
[EndTime "11:59:39 PST"]
[Termination "Iball95 won by checkmate"]

1. d4 Nf6 2. c4 e6 3. Nf3 d5 4. g3 Bb4+ 5. Bd2 Be7 6. Bg2 O-O 7. Qc2 Nbd7 8. h4 b6 9. Nc3 Bb7 10. Ne5 c5 11. Nxd7 Qxd7 12. cxd5 Nxd5 13. Nxd5 Bxd5 14.
e4 Bb7 15. dxc5 Bxc5 16. O-O Rac8 17. Bc3 Qc7 18. Kh1 b5 19. Rac1 Qb6 20. Qd2 f6 21. b4 Be7 22. Bd4 Qa6 23. Bc5 Rfd8 24. Qb2 Bxc5 25. bxc5 Kh8 26. h5 h6 27. Qb3 Rd4 28.
Rfd1 Rxd1+ 29. Qxd1 Qxa2 30. Qd7 Qa6 31. c6 Bxc6 32.
Qxe6 Qb7 33. Kg1 Bd7 34. Rxc8+ Qxc8 35. Qd6 a5 36. e5 fxe5 37. Qxe5 Qe8 38. Qc3 Qxh5 39.
Qxa5 Qd1+ 40. Kh2 Qh5+ 41. Kg1 Qe8 42. Qb4 Qc8 43. Be4 Qc4 44. Qf8+ Qg8 45. Qd6 Qe8 46. Bc2 Bc6 47. Kh2 Qh5+ 48. Kg1 Qh1# 0-1

[Event "*** Titled Tuesday Blitz"]
[Site "Chess.com"]
[Date "2021.03.09"]
[Round "10"]
[White "MatyChess1"]
[Black "dusanacns"]
[Result "1/2-1/2"]
[WhiteElo "2594"]
[BlackElo "2725"]
[TimeControl "180+1"]
[EndTime "11:59:40 PST"]
[Termination "Game drawn by repetition"]

1. e4 g6 2. d4 Bg7 3. c3 c6 4.
Bd3 d5 5. Nd2 dxe4 6. Nxe4 Nf6 7.
Nd2 e5 8. Qe2 O-O 9. dxe5 Nh5 10. Nc4 Bg4 11. f3 Be6 12. f4 f6 13. g3 b5 14.
exf6 Rxf6 15. Ne5 Nd7 16. Ngf3 Nc5 17. Bc2 Bd5 18. Be3 Nd7 19. O-O Re6 20. Nd4 Rxe5 21. fxe5 Nxe5 22. Bb3 Nf6 23. Rad1 Qd7 24. Bg5 Rf8 25.
Qxe5 Bxb3 26. axb3 Re8 27. Bxf6 Rxe5 28. Bxe5 Bxe5 29.
Nf3 Qe7 30. Nxe5 Qxe5 31. Rfe1 Qc5+ 32. Kg2 b4 33. c4 Qf5 34. Rd2 Qg4 35. Re7 Kf8 36.
Rxa7 Qe4+ 37. Kh3 Qf5+ 38. Kg2 Qe4+ 39. Kh3 Qf5+ 40. Kg2 Qe4+ 1/2-1/2

[Event "*** Titled Tuesday Blitz"]
[Site "Chess.com"]
[Date "2021.03.09"]
[Round "10"]
[White "Meri-Arabidze"]
[Black "Jan1401"]
[Result "1-0"]
[WhiteElo "2568"]
[BlackElo "2417"]
[TimeControl "180+1"]
[EndTime "11:59:40 PST"]
[Termination "Meri-Arabidze won by resignation"]

1. d4 e6 2. c4 Nf6 3. Nf3 Bb4+ 4. Bd2 Qe7 5. g3 Nc6 6. Nc3 Bxc3 7. Bxc3 Ne4 8. Qc2 Nxc3 9. Qxc3 O-O 10. Bg2 d6 11.
O-O e5 12. d5 Nd8 13. e4 f5 14. Ne1 f4 15. f3 g5 16. g4 h5 17. h3 hxg4 18. hxg4 Kg7 19. Kf2 Rh8 20. Nd3 Nf7 21.
Rh1 Bd7 22. c5 Bb5 23. cxd6 cxd6 24. Rac1 Rhc8 25. Qd2 Qd8 26. Rc3 Qb6+ 27. Ke2 Rxc3 28.
bxc3 Rc8 29. Rc1 Qa6 30. Bf1 Bxd3+ 31. Qxd3 Qxa2+ 32. Rc2 Qc4 33. Qxc4 Rxc4 34. Kd3 Rc7 35. Ra2 b6 36. Kc2 Nh8 37. Bb5 Ng6 38. Kd3 Nh4 39. Rf2 Rc5 40. Bc6 Ra5 41. Kc4 Ra1 42. Kb5 Kf6 43. Bb7 Rc1 44. c4 Rc3 45. Kc6 Ke7 46. Ba6 Nxf3 47. Rf1 Nd4+ 48. Kb7 f3 49. Rh1 f2 50. c5 bxc5 51. Kxa7 Rf3 52. Bf1 Nc2 53. Kb6 Ne3 54. Kc6 Rg3 55. Rh7+ Kf6 56.
Be2 f1=Q 57. Bxf1 Nxf1 58. Kxd6 c4 59. Rh8 c3 60. Rf8+ Kg7 61. Rxf1 Re3 62. Kxe5 c2 63. Rc1 Rc3 64. Ke6 Kg6 65. e5 Kg7 66. d6 Kf8 67.
Kf6 Rf3+ 68. Kxg5 Kf7 69. Rxc2 1-0

[Event "*** Titled Tuesday Blitz"]
[Site "Chess.com"]
[Date "2021.03.09"]
[Round "10"]
[White "Mihnea2017"]
[Black "GMKrikor"]
[Result "0-1"]
[WhiteElo "2495"]
[BlackElo "2699"]
[TimeControl "180+1"]
[EndTime "11:59:41 PST"]
[Termination "GMKrikor won on time"]

1. e4 c5 2. Nf3 d6 3. d4 cxd4 4. Nxd4 Nf6 5. Nc3 a6 6. Be3 e6 7.
f3 b5 8. Qd2 Nbd7 9. g4 h6 10.
O-O-O b4 11. Na4 Ne5 12. Qxb4 Bd7 13. Nc3 Qc7 14. Nb3 Rb8 15. Qa5 Qxa5 16. Nxa5 Nxf3 17. h3 Ra8 18. a3 Ne5 19. Nc4 Nxc4 20. Bxc4 Bc6 21. Rhe1 Be7 22. Bb6 O-O 23. a4 Rfc8 24. Bd3 Nd7 25. Be3 Bf6 26. a5 Be5 27. Ne2 Kf8 28. Bd4 Ke7 29. Bxe5 Nxe5 30. Nd4 Bb7 31.
Kb1 Rc7 32. b4 Rac8 33. Rd2 Nc4 34. Rf2 g6 35. Ka2 Ne5 36. Kb2 Rc3 37. Ref1 Rxd3 38. cxd3 Nxd3+ 39. Kb3 Nxf2 40. Rxf2 Bxe4 41. b5 Bd5+ 42.
Ka3 axb5 43. Nxb5 Rc5 0-1

[Event "*** Titled Tuesday Blitz"]
[Site "Chess.com"]
[Date "2021.03.09"]
[Round "10"]
[White "Omk124"]
[Black "Gerodot71"]
[Result "1-0"]
[WhiteElo "2472"]
[BlackElo "2572"]
[TimeControl "180+1"]
[EndTime "11:59:41 PST"]
[Termination "Omk124 won on time"]

1. e4 e5 2. Nf3 Nc6 3. Bc4 Bc5 4. c3 Nf6 5. d3 d6 6. O-O a6 7. Bb3 Ba7 8. Nbd2 h6 9. h3 g5 10.
Nc4 g4 11. hxg4 Nxg4 12. d4 Qf6 13. Be3 Rg8 14. dxe5 Ncxe5 15. Ncxe5 Nxe5 16. Nxe5 Qxe5 17. Bxa7 Rxa7 18. Qf3 Be6 19. Bxe6 fxe6 20. Qe3 Ra8 21. Qxh6 Rh8 22. Qg6+ Ke7 23. Qg3 Qh5 24. Qg7+ Kd8 25. f3 Qh4 26. e5 Kc8 27. exd6 cxd6 28. Rad1 Kb8 29. Rxd6 Qh2+ 30. Kf2 Qxd6 31. Qxh8+ Kc7 32. Qg7+ Kb6 33. Qd4+ Qxd4+ 34. cxd4 Rc8 35. Re1 Rc2+ 36. Re2 Rc6 37. Rd2 Rd6 38. Ke3 Kc6 39. Ke4 Rd8 40.
g4 Kd7 41. Rh2 1-0

[Event "*** Titled Tuesday Blitz"]
[Site "Chess.com"]
[Date "2021.03.09"]
[Round "10"]
[White "Mikhail_Golubev"]
[Black "kakakz"]
[Result "1/2-1/2"]
[WhiteElo "2561"]
[BlackElo "2427"]
[TimeControl "180+1"]
[EndTime "11:59:41 PST"]
[Termination "Game drawn by repetition"]

1. e4 d6 2. d4 Nd7 3. f4 g6 4. Nf3 Bg7 5. c4 e5 6. fxe5 dxe5 7. d5 Ngf6 8. Nc3 O-O 9. Bd3 Qe7 10. O-O a5 11. Kh1 Nc5 12. Bg5 h6 13. Bh4 g5 14.
Bg3 Nh5 15. Bf2 Nxd3 16. Qxd3 Nf4 17. Qd2 f5 18. Rae1 b6 19. Bg3 fxe4 20. Nxe4 Bf5 21. d6 cxd6 22. Bxf4 gxf4 23. Nxd6 Be6 24. Nxe5 Rad8 25. Ng6 Qxd6 26. Qxd6 Rxd6 27. Nxf8 Kxf8 28. Rxf4+ Ke7 29. b3 Rd4 30. Rxd4 Bxd4 31. Re4 Bf6 32. Kg1 Kd6 33. Kf1 Bf5 34. Rf4 Ke5 35. Rf2 Bd3+ 36. Ke1 Bg5 37. Kd1 Kd4 38. h4 Be3 39. Rf6 Kc3 40.
Rf3 Kd4 41. Rf6 Kc3 42. Rf3 Kd4 43. Rf6 1/2-1/2

[Event "*** Titled Tuesday Blitz"]
[Site "Chess.com"]
[Date "2021.03.09"]
[Round "10"]
[White "Mazanchenko_Dmitry"]
[Black "MaxLeto"]
[Result "0-1"]
[WhiteElo "2168"]
[BlackElo "2396"]
[TimeControl "180+1"]
[EndTime "11:59:42 PST"]
[Termination "MaxLeto won by checkmate"]

1. e4 c5 2. Ne2 d6 3. Nbc3 Nf6 4. d4 cxd4 5. Nxd4 a6 6. f4 e5 7. Nf3 Nbd7 8. Bc4 Be7 9. O-O O-O 10. a4 Qc7 11. Bd5 Nb6 12. fxe5 dxe5 13. a5 Nbxd5 14. Nxd5 Nxd5 15. Qxd5 Bf6 16. Qd3 Be6 17. b3 Rfd8 18.
Qe2 Qc3 19. Be3 Rac8 20. Rfc1 Be7 21. Bd2 Qc5+ 22. Kh1 Rd7 23. c4 f6 24. Rd1 Rcd8 25. Be1 Qc6 26. Rxd7 Rxd7 27. Rc1 Bf7 28. b4 Bg6 29. b5 axb5 30. Nd2 Bb4 31. Rd1 Bxa5 32. cxb5 Qc2 33. Qf2 Qxd1 34. h4 Bxd2 35. Kh2 Qxe1 36.
Qb6 Bf4+ 37. g3 Qxg3+ 38. Kh1 Qh2# 0-1

[Event "*** Titled Tuesday Blitz"]
[Site "Chess.com"]
[Date "2021.03.09"]
[Round "10"]
[White "davigator"]
[Black "KruHor"]
[Result "1/2-1/2"]
[WhiteElo "2412"]
[BlackElo "2526"]
[TimeControl "180+1"]
[EndTime "11:59:43 PST"]
[Termination "Game drawn by repetition"]

1. e4 e5 2. Nf3 Nc6 3. Bb5 d6 4. d4 Bd7 5. c4 exd4 6. Nxd4 g6 7.
O-O Bg7 8. Bxc6 bxc6 9. Nc3 Ne7 10. Bf4 c5 11. Nde2 O-O 12. Qd2 f5 13. Bh6 Rf7 14.
Bxg7 Rxg7 15. f4 Rb8 16. Rad1 Bc6 17. e5 Nc8 18. b3 Rd7 19. Qe3 Nb6 20. Rd2 Qf8 21.
exd6 cxd6 22. Rfd1 Re8 23. Qf2 Qf6 24. a4 a5 25. Rd3 Nc8 26. Ng3 Rde7 27. Qd2 h5 28. Nf1 h4 29. h3 Re6 30. Ne3 Qe7 31. Ncd5 Qb7 32. Qc3 Qg7 33. Qxa5 Bxd5 34. Nxd5 Re2 35. Qc3 Kf7 36. Qxg7+ Kxg7 37. R1d2 Re1+ 38. Kf2 Ra1 39. Re2 Rxe2+ 40. Kxe2 Kf7 41. Kf3 Ne7 42. Nc3 Ke6 43. Nb5 d5 44. Re3+ Kd7 45. cxd5 Nxd5 46. Rd3 Kc6 47. Nc3 Nxc3 48. Rxc3 Rd1 49. g3 Kd5 50.
gxh4 Rh1 51. Kg2 Rd1 52. h5 gxh5 53. Kg3 Kd4 54. Rc4+ Kd5 55. Rc3 Kd4 56. Rf3 Ke4 57. Rc3 Kd4 1/2-1/2

[Event "*** Titled Tuesday Blitz"]
[Site "Chess.com"]
[Date "2021.03.09"]
[Round "10"]
[White "CzechmVIII"]
[Black "ShcufNaiRolf"]
[Result "0-1"]
[WhiteElo "2239"]
[BlackElo "2357"]
[TimeControl "180+1"]
[EndTime "11:59:43 PST"]
[Termination "ShcufNaiRolf won by resignation"]

1. e4 e5 2. Nf3 Nc6 3. Bb5 a6 4. Ba4 Nf6 5. O-O Be7 6. Re1 b5 7. Bb3 d6 8. c3 O-O 9. h3 Nb8 10.
d4 Nbd7 11. Nbd2 Bb7 12. Bc2 Re8 13. a4 Bf8 14. Bd3 c6 15. b4 Qc7 16. Nb3 Rad8 17. Na5 Ba8 18. Qc2 g6 19. axb5 axb5 20. d5 cxd5 21. Bxb5 dxe4 22. Ng5 h6 23. Nxe4 Nxe4 24. Rxe4 Bxe4 25. Qxe4 Qxc3 26. Rb1 Nf6 27. Qh4 g5 28. Bxg5 hxg5 29. Qxg5+ Bg7 30. Bxe8 Rxe8 31. Rb3 Qc7 32. Rg3 Nh5 33. Qxh5 d5 34. Qg5 f6 35. Qxf6 d4 36. Qg6 Rf8 37. Qe6+ Rf7 38. Rf3 Qd7 39. Qb3 e4 40. Rf4 d3 41. Nc6 d2 42. Rxf7 d1=Q+ 43. Qxd1 Qxd1+ 44. Kh2 Kxf7 45. Ne5+ Bxe5+ 0-1

[Event "*** Titled Tuesday Blitz"]
[Site "Chess.com"]
[Date "2021.03.09"]
[Round "10"]
[White "Barbus89"]
[Black "Pantata007"]
[Result "0-1"]
[WhiteElo "2210"]
[BlackElo "2277"]
[TimeControl "180+1"]
[EndTime "11:59:43 PST"]
[Termination "Pantata007 won on time"]

1. Nf3 d5 2. g3 Nf6 3. Bg2 c6 4.
O-O Bg4 5. d4 Nbd7 6. c4 e6 7.
cxd5 exd5 8. Ne5 Bf5 9. f4 Be7 10. Nc3 O-O 11. e3 h5 12. Rb1 a5 13. Ra1 Qc7 14. Bd2 b5 15. Rc1 Qb6 16. Nxc6 Qxc6 17.
Nxd5 Qd6 18. Rc6 Qxd5 19. Bxd5 Nxd5 20. Qxh5 g6 21. Qf3 N7f6 22. Rfc1 Be4 23. Qe2 Rfb8 24. b3 Ba3 25. R1c5 Bxc5 26. Rxc5 b4 27. Qc4 Nb6 28.
Qc1 Nbd7 29. Rc7 Nb6 30. Qc5 Nfd5 31. Rc6 Rc8 32. Rxc8+ Rxc8 33. Qxa5 Rc2 34. Bxb4 Rg2+ 35. Kf1 Nxe3+ 36. Ke1 Bd3 0-1

[Event "*** Titled Tuesday Blitz"]
[Site "Chess.com"]
[Date "2021.03.09"]
[Round "10"]
[White "Blitzking642"]
[Black "ValeriyGrinev"]
[Result "1-0"]
[WhiteElo "2430"]
[BlackElo "2545"]
[TimeControl "180+1"]
[EndTime "11:59:44 PST"]
[Termination "Blitzking642 won by checkmate"]

1. e4 c5 2. Nf3 e6 3. d4 cxd4 4. Nxd4 Nc6 5. Nc3 Qc7 6. Be2 a6 7. O-O Nf6 8. Be3 Bb4 9. Nxc6 bxc6 10. Qd4 Rb8 11. a3 Be7 12. e5 Nd5 13. Nxd5 cxd5 14. c4 dxc4 15. Bxc4 O-O 16. Rfc1 Qd8 17. Rd1 Qc7 18.
Rac1 Qb7 19. b4 a5 20. Rb1 axb4 21. axb4 Qa8 22. Bf1 Qa4 23. b5 Qxd4 24. Bxd4 d6 25. Ba7 Rb7 26. b6 dxe5 27. Ba6 Rd7 28. Bxc8 Rxd1+ 29. Rxd1 Bc5 30. Ba6 e4 31. Rc1 Bd4 32.
Rc4 Rd8 33. Rxd4 Rxd4 34. g3 Rd1+ 35. Kg2 e3 36. fxe3 Rd2+ 37. Kh3 g5 38. b7 h5 39. b8=Q+ Kh7 40. Bd3+ Rxd3 41. Qe5 Rd2 42. Qxg5 h4 43. Qxh4+ Kg6 44. Qg4+ Kf6 45. Bd4+ e5 46. Qf4+ Kg6 47. Qxe5 Rf2 48. Qg7+ Kh5 49. g4# 1-0

[Event "*** Titled Tuesday Blitz"]
[Site "Chess.com"]
[Date "2021.03.09"]
[Round "10"]
[White "Szparu"]
[Black "J36225"]
[Result "1-0"]
[WhiteElo "2656"]
[BlackElo "2496"]
[TimeControl "180+1"]
[EndTime "11:59:45 PST"]
[Termination "Szparu won by resignation"]

1. d4 Nf6 2. Bg5 c5 3. d5 Qb6 4.
Nc3 h6 5. Bc1 d6 6. e4 Nbd7 7. Nf3 g6 8. Nd2 Bg7 9. Nc4 Qd8 10. a4 a6 11. a5 b5 12. axb6 Nxb6 13. Na5 Bd7 14. Be2 O-O 15. O-O Qc7 16. Bf4 Kh7 17. Qd2 Ng4 18. h3 Ne5 19. Bg3 f5 20. f4 Nf7 21. exf5 Bxf5 22. Bf2 Nd8 23. Bf3 Nb7 24. Nc6 Nc4 25. Qc1 Nd8 26. Re1 Nxc6 27. dxc6 Rfb8 28. Nd5 Qxc6 29. Nxe7 Qd7 30. Nxf5 Qxf5 31.
Ra2 Ra7 32. b3 Nb6 33. Be4 Qf6 34. Qd1 d5 35. Bxd5 Rd7 36. c4 Rbd8 37. Rxa6 Rd6 38.
Bxc5 Nxd5 39. Rxd6 Rxd6 40. Bxd6 Qxd6 41. Qxd5 Qxf4 42.
Qf3 Qd2 43. Rf1 Qb2 44. Kh1 h5 45. c5 Qc2 46. c6 Bd4 47. Qf7+ Bg7 48. c7 h4 49. Qd7 1-0

[Event "*** Titled Tuesday Blitz"]
[Site "Chess.com"]
[Date "2021.03.09"]
[Round "10"]
[White "jordanasoul"]
[Black "dhaessel"]
[Result "1-0"]
[WhiteElo "2173"]
[BlackElo "1964"]
[TimeControl "180+1"]
[EndTime "11:59:45 PST"]
[Termination "jordanasoul won on time"]

1. Nf3 Nf6 2. b3 g6 3. Bb2 Bg7 4. c4 c5 5. e3 O-O 6. d4 cxd4 7. exd4 d5 8. Nbd2 Nc6 9. Be2 Bf5 10. O-O Nb4 11.
a3 Nd3 12. Bc3 Nf4 13. Ne5 Nxe2+ 14. Qxe2 Rc8 15. Rac1 Ne4 16. Nxe4 Bxe4 17. f3 Bf5 18.
Rfe1 Be6 19. c5 b6 20. b4 a5 21. cxb6 Qxb6 22. bxa5 Qa7 23. Kh1 Rc7 24. f4 Bc8 25. Bb4 Qb7 26. a6 Qa7 27. Rxc7 Qxc7 28. Bc5 f6 29. a7 Bb7 30. Nd3 Re8 31. Qe6+ Kf8 32. Rb1 Ba8 33. Bb6 Qc2 34. Qe1 Qxd3 35. Bc5 Qa6 36.
h3 Kf7 37. Rb8 Qc6 38. Qb4 f5 39. Rb6 Qc8 40. a4 Qd7 41. a5 Bf6 42. a6 1-0

[Event "*** Titled Tuesday Blitz"]
[Site "Chess.com"]
[Date "2021.03.09"]
[Round "10"]
[White "rasmussvane"]
[Black "Kobalia"]
[Result "1-0"]
[WhiteElo "2946"]
[BlackElo "2737"]
[TimeControl "180+1"]
[EndTime "11:59:47 PST"]
[Termination "rasmussvane won on time"]

1. Nf3 d5 2. g3 Bg4 3. Bg2 c6 4. O-O Nd7 5. h3 Bh5 6. d4 Ngf6 7. c4 e6 8. cxd5 exd5 9. Ne5 Bg6 10. Nc3 Be7 11. f4 Be4 12. Nxe4 Nxe4 13. Bxe4 dxe4 14. Qb3 Nxe5 15. dxe5 O-O 16. Be3 Qc8 17. Kg2 h5 18. f5 Bd8 19. Rad1 Re8 20. e6 fxe6 21. Rd6 Bb6 22.
Rxe6 Kh7 23. Bxb6 axb6 24. Rxe8 Qxe8 25. f6 Qg6 26. Qxb6 Rf8 27. Qxb7 Rxf6 28. Rxf6 Qxf6 29. Qb6 e3 30. Qxe3 Qxb2 31. Qe4+ Kh8 32. Qe8+ Kh7 33.
Qxh5+ Kg8 34. Qe8+ Kh7 35. Qe4+ Kh8 36. a4 c5 37. Kf3 Qa2 38. Qe8+ Kh7 39. Qh5+ Kg8 40.
Qxc5 Qxa4 41. Qc8+ Kh7 42. Qf5+ Kg8 43. Qe6+ Kh8 44.
Qe8+ 1-0

[Event "*** Titled Tuesday Blitz"]
[Site "Chess.com"]
[Date "2021.03.09"]
[Round "10"]
[White "andriipalchuk"]
[Black "Saxar85"]
[Result "0-1"]
[WhiteElo "2580"]
[BlackElo "2761"]
[TimeControl "180+1"]
[EndTime "11:59:47 PST"]
[Termination "Saxar85 won by resignation"]

1. d4 Nf6 2. c4 d6 3. Nf3 Bg4 4. Qb3 b6 5. g3 Nc6 6. Bg2 g6 7. O-O Bg7 8. h3 Bd7 9. Rd1 O-O 10. Nbd2 Rb8 11. Qc2 e5 12. dxe5 dxe5 13. a3 Qc8 14. Kh2 Bf5 15. Qa4 Bd7 16. Qc2 Re8 17.
Ne4 Bf5 18. Nxf6+ Bxf6 19. e4 Be6 20. Be3 Na5 21. Nd2 c5 22. b4 Nc6 23. bxc5 bxc5 24. Bxc5 Nd4 25. Bxd4 exd4 26. Rab1 Qa6 27. Qd3 Qa5 28.
Bf1 Qc3 29. Rdc1 Qa5 30. c5 Rxb1 31. Nxb1 Rc8 32. Qc2 Be7 33. c6 Qb6 34. Nd2 Bxa3 35. Ra1 Bb4 36. Qd3 a5 37. e5 Qxc6 38. Ne4 Bf5 39. Bg2 Bxe4 40. Bxe4 Qc3 41. Rd1 Qxd3 42. Bxd3 a4 43. Kg2 a3 44. Ra1 Ra8 45. Be4 Ra5 46.
f4 a2 47. Bd5 Rxd5 48. Rxa2 d3 49. Kf1 d2 0-1

[Event "*** Titled Tuesday Blitz"]
[Site "Chess.com"]
[Date "2021.03.09"]
[Round "10"]
[White "03revilo"]
[Black "kleopl"]
[Result "0-1"]
[WhiteElo "2330"]
[BlackElo "2467"]
[TimeControl "180+1"]
[EndTime "11:59:47 PST"]
[Termination "kleopl won by resignation"]

1. c4 Nf6 2. Nc3 e6 3. e4 d5 4.
cxd5 exd5 5. e5 Ne4 6. Nf3 Nc6 7. Bb5 Be7 8. Qa4 O-O 9. Nxe4 dxe4 10. Qxe4 Nb4 11.
O-O c6 12. Be2 Be6 13. a3 Nd5 14. Nd4 Qd7 15. Nxe6 Qxe6 16. d4 f5 17. Qf3 Rad8 18. Rd1 Kh8 19. Bc4 f4 20. b4 Qf5 21. b5 g5 22. Bd2 g4 23. Qd3 Qh5 24. Bxd5 Rxd5 25. bxc6 bxc6 26. Rac1 c5 27. Bc3 f3 28. Qf1 cxd4 29.
Rxd4 Rfd8 30. Rcd1 Rxd4 31. Rxd4 Rxd4 32. Bxd4 h6 33.
e6+ Kh7 34. Qd3+ Kg8 35. Qe4 Qg5 36. Qa8+ Kh7 37. Qe4+ Kg8 38. gxf3 gxf3+ 39. Kf1 Qc1+ 40. Qe1 Qc4+ 41. Kg1 Qxd4 42. h3 Qg7+ 0-1

[Event "*** Titled Tuesday Blitz"]
[Site "Chess.com"]
[Date "2021.03.09"]
[Round "10"]
[White "PopMilan95"]
[Black "DenLaz"]
[Result "1-0"]
[WhiteElo "2656"]
[BlackElo "2824"]
[TimeControl "180+1"]
[EndTime "11:59:48 PST"]
[Termination "PopMilan95 won on time"]

1. e4 e5 2. d4 exd4 3. Qxd4 Nc6 4. Qe3 Nf6 5. Nc3 Bb4 6. Bd2 O-O 7. O-O-O Re8 8.
Qf4 d6 9. f3 Be6 10. g4 a5 11.
g5 Nd7 12. h4 a4 13. a3 Bc5 14. h5 Nde5 15. Qg3 Nc4 16. Bxc4 Bxc4 17. g6 b5 18.
gxf7+ Bxf7 19. Bg5 Qd7 20. Nge2 Bc4 21. Nf4 Bd4 22.
Rxd4 Nxd4 23. Bf6 Ne6 24. Nxe6 Rxe6 25. e5 dxe5 26. Bxe5 b4 27. axb4 a3 28. bxa3 Rxa3 29. h6 Rg6 30. Qf4 Qf7 31. Qd4 gxh6 32. Re1 Ra8 33.
Ne4 Re8 34. Rd1 Be2 35. Rd2 Bxf3 36. Nf6+ Rxf6 37. Bxf6 Bh5 38. Rg2+ Bg6 39. Kb2 Qe6 40. Bh8 Qe7 41. Re2 1-0

[Event "*** Titled Tuesday Blitz"]
[Site "Chess.com"]
[Date "2021.03.09"]
[Round "10"]
[White "Niktlt"]
[Black "attack2mateU"]
[Result "0-1"]
[WhiteElo "2478"]
[BlackElo "2748"]
[TimeControl "180+1"]
[EndTime "11:59:48 PST"]
[Termination "attack2mateU won by resignation"]

1. c4 g6 2. Nc3 c5 3. g3 Bg7 4. Bg2 Nc6 5. e3 e6 6. Nge2 Nge7 7. O-O O-O 8. d4 cxd4 9. exd4 d5 10. cxd5 Nxd5 11. Nxd5 exd5 12. Be3 Bg4 13. h3 Bxe2 14.
Qxe2 Bxd4 15. Rfd1 Re8 16. Qf3 Bxe3 17. fxe3 Qb6 18.
Qf2 Rxe3 19. Rxd5 Rxg3 20. Qxb6 axb6 21. Rd7 Rd8 22. Rad1 Rxd7 23. Rxd7 Ne5 24. Rxb7 Nc4 25. Kf2 Rg5 26. b3 Rf5+ 27. Ke2 Re5+ 28. Kf2 Ne3 29. Bf3 Re6 30. b4 Nc2 31. Bd5 Rf6+ 32.
Ke2 Nxb4 33. Bb3 Nc6 34. Ke3 Na5 35. Rb8+ Kg7 36. Bd5 h5 37. Ke4 g5 38. Rc8 Rf4+ 39.
Ke5 Rf6 40. Rc3 h4 41. Rc2 b5 42. Rc5 Nc4+ 43. Bxc4 bxc4 44. Rxc4 Rf3 45. Rxh4 gxh4 0-1

[Event "*** Titled Tuesday Blitz"]
[Site "Chess.com"]
[Date "2021.03.09"]
[Round "10"]
[White "ViktoriyaTarasova"]
[Black "woodhy"]
[Result "1-0"]
[WhiteElo "2346"]
[BlackElo "2447"]
[TimeControl "180+1"]
[EndTime "11:59:48 PST"]
[Termination "ViktoriyaTarasova won by checkmate"]

1. d4 e6 2. c4 Nf6 3. Nc3 Bb4 4.
Nf3 b6 5. e3 O-O 6. Bd3 Bb7 7.
O-O d6 8. Qc2 Nbd7 9. a3 Bxc3 10. bxc3 e5 11. Nd2 Qe7 12. e4 Rae8 13. f3 Nh5 14.
Re1 Qh4 15. Nf1 Re6 16. Qf2 Qf6 17. d5 Ree8 18. g3 Nc5 19. Bc2 g6 20. Bh6 Ng7 21. h4 g5 22. Bxg5 Qg6 23. Kh2 Kh8 24. Be3 Rg8 25.
g4 Ba6 26. Bxc5 dxc5 27. Bd3 Ref8 28. Ng3 Qf6 29. Ne2 Ne8 30. g5 Qg7 31. f4 exf4 32. Qxf4 Nd6 33. e5 Nxc4 34. Bxc4 Bxc4 35. Qxc4 Qxe5+ 36. Ng3 Qd6 37. Qe4 f6 38. Qe6 Qf4 39.
Qh3 fxg5 40. h5 g4 41. Qg2 Rg5 42. Kg1 Qf6 43. Rf1 Qd6 44. Rxf8+ Qxf8 45. Rf1 Qg7 46. Qd2 Qe5 47. Qf4 Qxd5 48. Qf6+ Kg8 49. Qf8# 1-0

[Event "*** Titled Tuesday Blitz"]
[Site "Chess.com"]
[Date "2021.03.09"]
[Round "10"]
[White "bazar-wokzal"]
[Black "Ladislav1969"]
[Result "0-1"]
[WhiteElo "2445"]
[BlackElo "2345"]
[TimeControl "180+1"]
[EndTime "11:59:48 PST"]
[Termination "Ladislav1969 won by checkmate"]

1. e4 c5 2. c3 e6 3. d4 d5 4.
e5 Nc6 5. Nf3 Bd7 6. a3 f6 7. b4 cxd4 8. cxd4 fxe5 9. dxe5 Qc7 10. Bb2 Nge7 11. Bd3 g6 12. O-O Bg7 13. Re1 O-O 14.
Nbd2 Nf5 15. Rc1 a6 16. Nb3 Rac8 17. Nc5 Rf7 18. Ng5 Re7 19. f4 h6 20. Nf3 Be8 21.
g4 b6 22. Nxa6 Qa7 23. gxf5 gxf5 24. Qd2 Ra8 25. b5 Na5 26. Nd4 Nc4 27. Bxc4 dxc4 28.
Rxc4 Bf8 29. Nc6 Bxc6 30. Rxc6 Rg7+ 31. Kf1 Qb7 32. Rec1 Rxa6 33. bxa6 Qxa6+ 34. Kf2 Qa4 35. R1c4 Qb3 36. Rc3 Qb5 37. Rxe6 Bc5+ 38. Rxc5 Qxc5+ 39. Bd4 Qd5 40. Re8+ Kf7 41. Qb4 Rg2+ 42. Ke1 Qe4+ 43. Kd1 Qd3+ 44. Kc1 Qc2# 0-1

[Event "*** Titled Tuesday Blitz"]
[Site "Chess.com"]
[Date "2021.03.09"]
[Round "10"]
[White "albi1999"]
[Black "GM_Crest"]
[Result "1-0"]
[WhiteElo "2609"]
[BlackElo "2743"]
[TimeControl "180+1"]
[EndTime "11:59:49 PST"]
[Termination "albi1999 won on time"]

1. d4 Nf6 2. c4 c5 3. d5 b5 4.
cxb5 a6 5. bxa6 g6 6. Nc3 Bg7 7. e4 O-O 8. Nf3 Qa5 9. Bd2 Bxa6 10. Be2 d6 11. O-O Nbd7 12. a4 Rfb8 13. Nb5 Qb6 14.
Qc2 Ne8 15. Bc3 Bh6 16. Nd2 Qd8 17. Nb3 Nc7 18. Na5 Nxb5 19. axb5 Bxb5 20. Bxb5 Rxb5 21.
Nc6 Qe8 22. Nxe7+ Kf8 23. Nc6 Bg7 24. h3 Rb6 25. Rfe1 Rba6 26. Rxa6 Rxa6 27. Bxg7+ Kxg7 28. b4 cxb4 29. Nxb4 Rb6 30. Nc6 Qa8 31. Qc3+ f6 32. Ra1 Ra6 33. Rxa6 Qxa6 34. Nd4 Nc5 35. Ne6+ Nxe6 36.
dxe6 Qb7 37. Qd4 Qe7 38. Qd5 Kf8 39. f4 Qc7 40. f5 Ke7 41. Qd2 Qc5+ 42. Qf2 Qe5 43.
Qa7+ 1-0

[Event "*** Titled Tuesday Blitz"]
[Site "Chess.com"]
[Date "2021.03.09"]
[Round "10"]
[White "Abund"]
[Black "IljaJoke"]
[Result "1-0"]
[WhiteElo "2645"]
[BlackElo "2476"]
[TimeControl "180+1"]
[EndTime "11:59:49 PST"]
[Termination "Abund won by checkmate"]

1. e4 c5 2. Nf3 d6 3. Bb5+ Nd7 4. a4 Nf6 5. Nc3 g6 6. a5 Bg7 7. O-O a6 8. Bc4 O-O 9. d3 b5 10. axb6 Nxb6 11. Bb3 a5 12. Na4 Nfd7 13. Nc3 Bb7 14. Bg5 Bc6 15. Qd2 a4 16. Ba2 Ne5 17. Nxe5 Bxe5 18.
Rab1 a3 19. bxa3 Rxa3 20. Bb3 c4 21. dxc4 Nxc4 22. Bxc4 Rxc3 23. Bd3 Qc7 24. f4 Bd4+ 25. Kh1 Rb8 26. Rxb8+ Qxb8 27. Bxe7 Ra3 28. e5 Bc5 29. Bc4 Be3 30. Qe2 Rc3 31. Bxd6 Qb7 32. Bd3 h5 33. h3 Bd4 34. f5 Bd5 35. fxg6 fxg6 36. Kh2 Be6 37. Rf4 Bb6 38. Qf3 Qg7 39. Rf6 g5 40.
Qxh5 g4 41. Rg6 g3+ 42. Rxg3 Bg1+ 43. Kxg1 Qxg3 44. Qh7# 1-0

[Event "*** Titled Tuesday Blitz"]
[Site "Chess.com"]
[Date "2021.03.09"]
[Round "10"]
[White "Sanan_Sjugirov"]
[Black "Duhless"]
[Result "0-1"]
[WhiteElo "2899"]
[BlackElo "3027"]
[TimeControl "180+1"]
[EndTime "11:59:50 PST"]
[Termination "Duhless won on time"]

1. d4 Nf6 2. Nf3 c5 3. d5 b5 4. Bg5 g6 5. Bxf6 exf6 6. e3 a6 7. a4 b4 8. Nbd2 f5 9. Nc4 d6 10. a5 Bg7 11. Be2 O-O 12. O-O Qc7 13. Qd2 Nd7 14. c3 Rb8 15. Qc2 Re8 16. Rfd1 bxc3 17. bxc3 Nf6 18. Nb6 Ne4 19. Ra3 f4 20. exf4 Nxc3 21.
Rd2 Nxe2+ 22. Rxe2 Bf5 23. Rxe8+ Rxe8 24. Qc4 Re4 25. Qxa6 h6 26. h3 c4 27. Ra2 c3 28.
Qa8+ Kh7 29. Qc6 Qa7 30. g4 Rxf4 31. gxf5 Rxf3 32. fxg6+ fxg6 33. Qd7 Qa6 34. Qg4 Rf7 35. Qc4 Qa7 36. Kg2 Qe7 37. Qg4 Qc7 38. Qg3 c2 39.
Na8 Qb7 0-1